 Dungeon Crawl Stone Soup version 0.20.0-15-g7f486f2 (webtiles) character file.

93256 Monsterracer the Bludgeoner (level 16, -6/101 HPs)
             Began as a Gargoyle Fighter on June 10, 2017.
             Was the Champion of the Shining One.
             Mangled by a deep troll (14 damage)
             ... on level 1 of the Depths.
             The game lasted 00:46:02 (19045 turns).

Monsterracer the Bludgeoner (Gargoyle Fighter)     Turns: 19045, Time: 00:46:03

Health: -6/101     AC: 36    Str: 24    XL:     16   Next: 8%
Magic:  23/23      EV: 18    Int: 10    God:    the Shining One [******]
Gold:   222        SH:  0    Dex: 14    Spells: 9/15 levels left

rFire    . . .     SeeInvis .   H - +7 sacred scourge (holy)
rCold    . . .     Gourm    .   c - +0 shield
rNeg     + + +     Faith    .   q - +1 shadow dragon scales
rPois    ∞         Spirit   .   x - +0 helmet
rElec    +         Reflect  +   C - +2 cloak
rCorr    .         Harm     .   z - +2 pair of gloves {Str+3}
MR       ++...                  (no boots)
Stlth    +.........             g - +5 amulet of reflection
Regen    0.3/turn               k - ring of protection from magic
MPRegen  0.2/turn               u - +5 ring of evasion

@: confused, about to teleport, flying, very slightly contaminated, glowing
A: big wings, negative energy resistance 1, electricity resistance, unbreathing,
petrification resistance, rot immunity, AC +11
a: Stop Flying, Divine Shield, Cleansing Flame, Summon Divine Warrior, Renounce
Religion


You were on level 1 of the Depths.
You worshipped the Shining One.
The Shining One was exalted by your worship.
You were near starving.

You visited 3 branches of the dungeon, and saw 17 of its levels.
You visited 1 bazaar.
You also visited: Sewer.

You collected 961 gold pieces.
You spent 739 gold pieces at shops.

Inventory:

Hand Weapons
 E - the +10 morningstar of Chagrin {freeze, rC+ Str-2 Dex+4 SInv}
   (You found it on level 15 of the Dungeon)

   It has been specially enchanted to freeze those struck by it, causing extra
   injury to most foes and up to half again as much damage against particularly
   susceptible opponents.
   It can also slow down cold-blooded creatures.
   It affects your strength (-2).
   It affects your dexterity (+4).
   It protects you from cold.
   It lets you see invisible.
 H - a +7 sacred scourge of holy wrath (weapon)
Armour
 c - a +0 shield (worn)
 q - +1 shadow dragon scales (worn)
 x - a +0 helmet (worn)
 z - a +2 pair of gloves of strength (worn)
 C - a +2 cloak (worn)
 G - the +3 ring mail of the Sacrificial Victim {rF+ rN+}
   (You found it on level 13 of the Dungeon)

   It protects you from fire.
   It protects you from negative energy.
Jewellery
 g - a +5 amulet of reflection (around neck)
 j - an uncursed amulet of rage
 k - a ring of protection from magic (left hand)
 u - a +5 ring of evasion (right hand)
 D - an uncursed ring of resist corrosion
 I - an uncursed ring of see invisible
Wands
 o - a wand of acid (15/15)
 r - a wand of digging (11/24)
Scrolls
 e - 12 scrolls of identify
 i - 5 scrolls of magic mapping
 l - 8 scrolls of remove curse
 v - 6 scrolls of teleportation
 y - a scroll of fog
Potions
 b - 4 potions of magic
 d - 4 potions of might
 h - 8 potions of curing
 p - 2 potions of brilliance
 s - 2 potions of resistance
 w - 2 potions of haste
 F - a potion of mutation
Comestibles
 f - 6 bread rations
 n - 11 meat rations
 A - 20 royal jellies
 B - 7 fruits


   Skills:
 + Level 12.0 Fighting
 - Level 16.0 Maces & Flails
 + Level 12.0 Armour
 + Level 8.8 Dodging
 + Level 12.2 Shields
 + Level 10.4 Invocations


You had 9 spell levels left.
You knew the following spells:

 Your Spells              Type           Power        Failure   Level  Hunger
a - Summon Butterflies    Summ           #.......     95%         1    ##.....
b - Call Canine Familiar  Summ           #.......     100%        3    ####...
c - Blink                 Tloc           N/A          98%         2    ###....


Dungeon Overview and Level Annotations

Branches:
Dungeon (15/15)            Temple (1/1) D:6            Lair (0/6) D:10
    Orc (0/2) D:10         Vaults (0/5) D:13         Depths (1/5) D:15

Altars:
Ashenzari
Cheibriados
Dithmenos
Elyvilon
Fedhas
Gozag
Hepliaklqana
Kikubaaqudgha
Makhleb
Nemelex Xobeh
Okawaru
Qazlal
Ru
Sif Muna
Trog
Uskayaw
Vehumet
Xom
Yredelemnul
Zin
The Shining One

Shops:
D:5 *   D:10 *[((=   D:13 :   D:15 :??%=


Innate Abilities, Weirdness & Mutations

You are resistant to torment.
Your stone body is resilient. (AC +11)
You are immune to poison.
Your large and strong wings let you fly indefinitely.
You resist negative energy. (rN+)
You are resistant to electric shocks. (rElec)
You can survive without breathing.
You are immune to petrification.
You are immune to rotting.


Message History

The deep troll shouts!
A deep troll comes into view.
The deep troll shouts!
You block the centaur warrior's attack.
Found 30 stones.
A deep troll earth mage comes into view.
As you read the scroll of teleportation, it crumbles to dust.
You feel strangely unstable.
The centaur warrior hits you but does no damage.
You block the deep troll's attack. x3; The deep troll misses you.
The deep troll claws you but does no damage.
The deep troll closely misses you.
The centaur warrior hits you but does no damage.
You are confused.
You feel invigorated.
You hear a grinding noise.
The deep troll bites you but does no damage.
The deep troll claws you but does no damage.
The deep troll closely misses you. The deep troll bites you!
You die...

.# .### ....
..## ....#
.......#
#########....#
........
.............##
.......#
#...@c..T(..
.......#
#...TT......
.......#
#.≈≈≈.......
........
#..≈≈≈≈T....
.......#
#.≈≈≈≈≈.....
.......#
#...≈≈≈..... #
.......#
#........... .
..######
############..
.# . ..# ..##.#
#


You could see a centaur warrior, 3 deep trolls and a deep troll earth mage.

Vanquished Creatures
  the Enchantress (Depths:1)
  2 liches
  Frances (D:14)
  A shadow dragon (Depths:1)
  A frost giant (Depths:1)
  5 very ugly things
  2 spriggan defenders (Depths:1)
  A stone giant (Depths:1)
  2 spark wasps (Depths:1)
  2 ettins (Depths:1)
  2 minotaurs (D:13)
  A fire dragon (Depths:1)
  A great orb of eyes (Depths:1)
  A yaktaur captain (D:13)
  Erolcha (D:12)
  4 hydras
  An ice dragon (Depths:1)
  A spriggan air mage (Depths:1)
  5 centaur warriors
  A queen ant (shapeshifter) (D:13)
  10 two-headed ogres
  4 death yaks (D:13)
  An ogre mage (D:15)
  A deep troll earth mage (Depths:1)
  Urug (D:12)
  Sonja (D:12)
  Nergalle (D:11)
  3 tengu warriors
  4 skeletal warriors (D:14)
  6 deep trolls (Depths:1)
  A glowing orange brain (D:15)
  Pikel (D:8)
  An obsidian statue (D:13)
  13 ugly things
  3 cyclopes
  4 manticores
  Psyche (D:8)
  The ghost of nikopol the Chopper, a novice HOFi (D:4)
  2 spectral swamp worms (Depths:1)
  A spiny frog (shapeshifter) (D:15)
  3 centaur skeletons
  3 gargoyles
  An efreet (D:15)
  8 yaktaurs (D:13)
  A kobold demonologist (D:13)
  A komodo dragon (D:12)
  A komodo dragon (shapeshifter) (D:15)
  A freezing wraith (D:13)
  4 tengu conjurers
  A queen bee (D:13)
  A harpy zombie (D:14)
  6 meliai
  2 hornets (D:12)
  A merfolk (D:13)
  2 trolls
  A hornet (shapeshifter) (D:15)
  Grinder (D:5)
  Prince Ribbit (D:5)
  A meliai zombie (D:13)
  8 slime creatures
  A water elemental (D:13)
  A vampire (D:14)
  A spriggan (D:13)
  5 hippogriffs
  2 shadows
  32 yaks
  A tarantella (shapeshifter) (Depths:1)
  4 wraiths
  A basilisk (D:13)
  Grum (D:10)
  Eustachio (D:4)
  3 hungry ghosts
  3 vampire mosquitoes (D:14)
  2 water moccasins (D:5)
  3 orc warriors
  3 sky beasts
  A black bear (shapeshifter) (D:15)
  8 ice beasts
  5 ogres
  A phantom (D:4)
  2 wolves (D:10)
  5 centaurs
  3 necrophages
  2 crocodiles
  A big kobold (D:9)
  14 bullfrogs
  Blork the orc (D:5)
  A wyvern zombie (D:12)
  3 scorpions
  A wyvern skeleton (D:11)
  A troll zombie (D:9)
  A water moccasin skeleton (D:11)
  17 killer bees
  7 wights
  A troll skeleton (D:9)
  An electric eel (D:13)
  2 jellies (D:14)
  17 crimson imps
  4 centaur zombies
  A quasit (D:10)
  6 hounds
  3 human zombies (D:9)
  10 orc priests
  17 orc wizards
  2 iguanas
  2 human skeletons (D:9)
  8 worker ants
  Terence (D:2)
  2 hound zombies (D:5)
  A hound skeleton (D:4)
  2 mummies (D:9)
  2 worker ant zombies
  21 gnolls
  18 adders
  A shadow imp (D:5)
  An ooze (D:4)
  An adder skeleton (D:10)
  2 worms (D:2)
  8 leopard geckos
  56 orcs
  7 bats
  A bat zombie (D:7)
  6 giant cockroaches
  6 goblins
  5 hobgoblins
  21 jackals
  8 quokkas
  3 ball pythons
  14 frilled lizards
  19 kobolds
  A leopard gecko skeleton (D:4)
  A quokka skeleton (D:9)
  10 rats
  A rat zombie (D:7)
575 creatures vanquished.

Vanquished Creatures (collateral kills)
  A spectral swamp worm (Depths:1)
  2 yaktaurs (D:13)
  A hornet (Depths:1)
  2 spriggans (Depths:1)
  A big kobold (D:13)
  A bullfrog (D:13)
  An orc (D:13)
  A kobold (D:13)
10 creatures vanquished.

Vanquished Creatures (others)
  A cyclops (D:13)
  A yaktaur (D:13)
  A hippogriff (D:13)
  A hungry ghost (D:8)
  3 centaurs
  A hound (D:8)
8 creatures vanquished.

Grand Total: 593 creatures vanquished

Notes
Turn   | Place    | Note
-------+----------+-------------------------------------------
     0 | D:1      | Monsterracer the Gargoyle Fighter began the quest for the Orb.
     0 | D:1      | Reached XP level 1. HP: 14/14 MP: 1/1
   154 | D:1      | Reached XP level 2. HP: 13/19 MP: 2/2
   369 | D:1      | Reached skill level 3 in Maces & Flails
   673 | D:1      | Reached XP level 3. HP: 23/23 MP: 3/3
  1115 | D:2      | Reached skill level 4 in Maces & Flails
  1391 | D:2      | Found a hazy altar of Hepliaklqana.
  1394 | D:2      | Reached XP level 4. HP: 28/28 MP: 4/4
  2042 | D:3      | Reached skill level 5 in Maces & Flails
  2044 | D:3      | Reached XP level 5. HP: 32/32 MP: 5/5
  2149 | D:3      | Noticed a centaur
  2159 | D:3      | Killed a centaur
  2426 | D:2      | Noticed Terence
  2436 | D:2      | Killed Terence
  2436 | D:2      | Reached skill level 6 in Maces & Flails
  2436 | D:2      | Reached XP level 6. HP: 35/37 MP: 6/6
  3109 | D:4      | Noticed Eustachio
  3141 | D:4      | Killed Eustachio
  3141 | D:4      | Reached skill level 7 in Maces & Flails
  3314 | D:4      | Noticed nikopol's ghost (novice HOFi)
  3661 | D:4      | Killed nikopol's ghost
  3661 | D:4      | Reached skill level 1 in Dodging
  3661 | D:4      | Reached XP level 7. HP: 29/42 MP: 7/7
  3801 | D:4      | Reached XP level 8. HP: 45/48 MP: 8/8
  3969 | D:4      | Reached skill level 8 in Maces & Flails
  4180 | D:4      | Found an opulent altar of Gozag.
  4182 | D:4      | Found a glowing silver altar of Zin.
  4184 | D:4      | Found a snail-covered altar of Cheibriados.
  4290 | D:5      | Entered Level 5 of the Dungeon
  4336 | D:5      | Found Vuorosuchi's Serpentskin Sales.
  4350 | D:5      | Reached skill level 5 in Fighting
  4350 | D:5      | Reached skill level 5 in Armour
  4350 | D:5      | Reached skill level 5 in Shields
  4450 | D:5      | Reached XP level 9. HP: 54/54 MP: 9/9
  4484 | D:5      | Noticed Grinder
  4492 | D:5      | Killed Grinder
  4498 | D:5      | Reached skill level 9 in Maces & Flails
  4560 | D:5      | Noticed Blork the orc
  4573 | D:5      | Killed Blork the orc
  4712 | D:5      | Noticed Prince Ribbit
  4737 | D:5      | Killed Prince Ribbit
  5110 | D:6      | Found a glowing drain.
  5133 | Sewer    | Entered a sewer
  5659 | D:6      | Found a staircase to the Ecumenical Temple.
  5685 | Temple   | Entered the Ecumenical Temple
  5690 | Temple   | Became a worshipper of the Shining One
  6293 | D:7      | Found an ancient bone altar of Kikubaaqudgha.
  6549 | D:7      | Reached skill level 10 in Maces & Flails
  6549 | D:7      | Reached XP level 10. HP: 52/61 MP: 10/10
  7045 | D:8      | Noticed Pikel
  7057 | D:8      | Killed Pikel
  7057 | D:8      | Reached skill level 11 in Maces & Flails
  7478 | D:8      | Noticed Psyche
  7490 | D:8      | Killed Psyche
  7812 | D:9      | Learned a level 1 spell: Summon Butterflies
  7816 | D:9      | Learned a level 3 spell: Call Canine Familiar
  8013 | D:9      | Reached * piety under the Shining One
  8020 | D:9      | Reached skill level 12 in Maces & Flails
  8020 | D:9      | Reached skill level 1 in Invocations
  8600 | D:9      | Reached ** piety under the Shining One
  8601 | D:9      | Found a basalt altar of Yredelemnul.
  8614 | D:9      | Reached XP level 11. HP: 61/66 MP: 12/12
  8757 | D:10     | Entered Level 10 of the Dungeon
  8788 | D:10     | Found Xidghori's Antique Armour Shop.
  8792 | D:10     | Learned a level 2 spell: Blink
  8796 | D:10     | Bought a pair of glowing gloves for 202 gold pieces
  8831 | D:10     | Noticed Grum
  8842 | D:10     | Killed Grum
  8876 | D:10     | Found Licwak's Assorted Antiques.
  8884 | D:10     | Bought a glowing yellow potion for 20 gold pieces
  8884 | D:10     | Bought a scroll labeled PALACZ TOPAUB for 23 gold pieces
  8919 | D:10     | Noticed a manticore
  8929 | D:10     | Killed a manticore
  9094 | D:10     | Found a staircase to the Lair.
  9167 | D:10     | Found Kemme's Weapon Shop.
  9170 | D:10     | Found Keonum's Antique Weapon Boutique.
  9479 | D:10     | Found a staircase to the Orcish Mines.
  9508 | D:10     | Found Suh Vuoc's Jewellery Boutique.
  9738 | D:11     | Noticed Nergalle
  9750 | D:11     | Killed Nergalle
  9814 | D:11     | Noticed a two-headed ogre
  9821 | D:11     | Killed a two-headed ogre
  9893 | D:11     | Noticed a two-headed ogre
  9900 | D:11     | Killed a two-headed ogre
 10302 | D:11     | Noticed an eight-headed hydra
 10313 | D:11     | Killed an eight-headed hydra
 10315 | D:11     | Reached *** piety under the Shining One
 10512 | D:11     | Noticed a cyclops
 10522 | D:11     | Killed a cyclops
 10734 | D:12     | Reached skill level 13 in Maces & Flails
 10745 | D:12     | Noticed a two-headed ogre
 10769 | D:12     | Killed a two-headed ogre
 10769 | D:12     | Reached skill level 5 in Dodging
 10822 | D:12     | Noticed Erolcha
 10833 | D:12     | Killed Erolcha
 10833 | D:12     | Reached XP level 12. HP: 65/73 MP: 15/15
 11037 | D:12     | Noticed a two-headed ogre
 11038 | D:12     | Noticed a seven-headed hydra
 11048 | D:12     | Killed a two-headed ogre
 11055 | D:12     | Killed a seven-headed hydra
 11106 | D:12     | Noticed Sonja
 11107 | D:12     | Noticed Urug
 11116 | D:12     | Reached skill level 5 in Invocations
 11139 | D:12     | Killed Urug
 11156 | D:12     | Killed Sonja
 11395 | D:12     | Reached **** piety under the Shining One
 11596 | D:12     | Noticed a two-headed ogre
 11604 | D:12     | Killed a two-headed ogre
 11763 | D:13     | Reached skill level 14 in Maces & Flails
 12086 | D:13     | Reached XP level 13. HP: 80/80 MP: 17/17
 12796 | D:13     | Noticed a minotaur
 12816 | D:13     | Killed a minotaur
 12916 | D:13     | Noticed a minotaur
 12925 | D:13     | Killed a minotaur
 13063 | D:13     | Got a jewelled ring mail
 13064 | D:13     | Identified the +3 ring mail of the Sacrificial Victim {rF+ rN+} (You found it on level 13 of the Dungeon)
 13135 | D:13     | Reached ***** piety under the Shining One
 13219 | D:13     | Found Xixecox's Book Shop.
 13232 | D:13     | Noticed a yaktaur captain
 13258 | D:13     | Killed a yaktaur captain
 13411 | D:13     | Noticed a storm dragon
 13427 | D:13     | a storm dragon changed into a queen ant
 13645 | D:13     | Found a gate to the Vaults.
 13686 | D:13     | Found a gateway to a bazaar.
 13710 | Bazaar   | Entered a bazaar
 13710 | Bazaar   | Found Sanyfur's Antique Armour Emporium.
 13717 | Bazaar   | Found Oczo's Gadget Boutique.
 13725 | Bazaar   | Found Xuontemn's Antique Weapon Boutique.
 13736 | Bazaar   | Found Takurph's Magic Scroll Emporium.
 13752 | Bazaar   | Found Lobb's General Store.
 13766 | Bazaar   | Bought a scroll of blinking for 67 gold pieces
 13766 | Bazaar   | Bought 2 potions of haste for 180 gold pieces
 13893 | D:13     | Reached skill level 10 in Shields
 14416 | D:14     | Reached skill level 10 in Fighting
 14547 | D:14     | Gained mutation: Your large and strong wings let you fly indefinitely. [Gargoyle growth]
 14547 | D:14     | Reached XP level 14. HP: 76/88 MP: 19/19
 14557 | D:14     | Reached skill level 10 in Armour
 15032 | D:14     | Reached skill level 15 in Maces & Flails
 15120 | D:14     | Noticed Frances
 15141 | D:14     | Killed Frances
 15998 | D:15     | Entered Level 15 of the Dungeon
 16076 | D:15     | Got a twisted mace
 16077 | D:15     | Identified the +6 mace of Bodily Harmony {freeze, Int+4 Dex+5} (You found it on level 15 of the Dungeon)
 16648 | D:15     | Reached ****** piety under the Shining One
 16859 | D:15     | Found Vivoodoo's Magic Scroll Boutique.
 16884 | D:15     | Bought a scroll of enchant armour for 127 gold pieces
 16973 | D:15     | Found Ysiotyod's Magic Scroll Emporium.
 16985 | D:15     | Found Vogaohot's Jewellery Shoppe.
 16990 | D:15     | Bought a scroll of enchant armour for 120 gold pieces
 17252 | D:15     | Found Muox's Book Boutique.
 17377 | D:15     | Found a staircase to the Depths.
 17530 | D:15     | Found Recva's Food Boutique.
 17536 | D:15     | Got a steaming morningstar
 17540 | D:15     | Identified the +10 morningstar of Chagrin {freeze, rC+ Str-2 Dex+4 SInv} (You found it on level 15 of the Dungeon)
 17851 | Depths:1 | Entered Level 1 of the Depths
 17853 | Depths:1 | Noticed a lich
 17857 | Depths:1 | Noticed a stone giant
 17869 | D:15     | Killed a lich
 17869 | D:15     | Reached XP level 15. HP: 83/94 MP: 21/21
 18184 | Depths:1 | Reached skill level 16 in Maces & Flails
 18200 | Depths:1 | Noticed a lich
 18214 | Depths:1 | Killed a lich
 18779 | Depths:1 | Found a glowing golden altar of the Shining One.
 18865 | Depths:1 | Noticed a shadow dragon
 18879 | Depths:1 | Killed a shadow dragon
 18879 | Depths:1 | Reached skill level 10 in Invocations
 18928 | Depths:1 | Noticed the Enchantress
 18944 | Depths:1 | Noticed a frost giant
 18963 | Depths:1 | Killed a frost giant
 18965 | Depths:1 | Killed the Enchantress
 18965 | Depths:1 | Reached XP level 16. HP: 30/101 MP: 2/23
 18995 | Depths:1 | Identified a +7 sacred scourge of holy wrath (a +5 demon whip of electrocution blessed by the Shining One)
 18995 | Depths:1 | Received a gift from the Shining One
 19011 | Depths:1 | HP: 3/101 [deep troll earth mage/Lee's Rapid Deconstruction (11)]
 19042 | Depths:1 | HP: 4/101 [spriggan defender/rapier of distortion[the Enchantress] (5)]
 19045 | Depths:1 | Mangled by a deep troll

Skill      XL: |  1  2  3  4  5  6  7  8  9 10 11 12 13 14 15 16 |
---------------+-------------------------------------------------+-----
Maces & Flails | 3 4 5 6 7 8 10 12 13 14 15 16 | 16.0
Armour         | 4 5 6 7 8 9 10 11 12 | 12.0
Dodging        | 1 2 3 5 6 7 8 |  8.8
Fighting       | 4 5 6 7 9 10 11 12 | 12.0
Shields        | 4 5 6 7 9 10 11 12 | 12.2
Invocations    | 2 4 6 7 9 10 | 10.4

Action                   |  1- 3 |  4- 6 |  7- 9 | 10-12 | 13-15 | 16-18 || total
-------------------------+-------+-------+-------+-------+-------+-------++-------
Melee: Flail             |   145 |   197 |   363 |   483 |       |       ||  1188
       Eveningstar       |       |       |       |   172 |   704 |       ||   876
       Morningstar       |       |       |       |       |   231 |     6 ||   237
       Sacred scourge    |       |       |       |       |       |     6 ||     6
Invok: Summon Divine War |       |       |       |       |     2 |       ||     2
       Cleansing Flame   |       |       |       |       |     3 |       ||     3
       Brand Weapon With |       |       |       |       |       |     1 ||     1
 Abil: Evoke Berserk Rag |       |       |     2 |     9 |     2 |       ||    13
       Fly               |       |       |       |       |     1 |       ||     1
  Use: Potion            |     2 |     4 |     5 |     2 |     6 |     2 ||    21
       Scroll            |       |     6 |     7 |     6 |     6 |     8 ||    33
 Stab: Sleeping          |       |       |     3 |       |       |       ||     3
       Distracted        |       |       |     1 |       |       |       ||     1
  Eat: Chunk             |     2 |     6 |    13 |    25 |    20 |       ||    66
       Fruit             |       |       |       |     3 |     7 |       ||    10
Armor: Scale mail        |    83 |     6 |       |       |       |       ||    89
       Chain mail        |       |    80 |       |       |       |       ||    80
       Shadow dragon sca |       |       |   136 |   205 |   308 |    12 ||   661
Dodge: Dodged            |    69 |    34 |   120 |   228 |   331 |    12 ||   794
       Deflected         |       |     1 |     2 |       |       |       ||     3
Block: Shield            |   106 |   179 |   293 |   471 |   702 |     9 ||  1760
       Reflection        |       |     1 |     1 |    19 |    51 |       ||    72
